SA
GRIM REAPERS @ YELLOWKNIFE DRAGONBLOOD
08/21/2032
 
TOP OF THE 1ST
Grim Reapers batting - Pitching for Yellowknife Dragonblood : RHP Evan Groenevelt
Pitching: RHP Evan Groenevelt
Batting: RHB Tso-i Wang 0-0: Swinging Strike
0-1: Ball
1-1: Foul Ball, location: 2F
1-2: Ball
2-2: SINGLE (Groundball, 6D)
Batting: RHB Juan Guzmán 0-0: SINGLE (Flyball, 8RS)
Tso-i Wang to second
Runner from 2nd tries for 3rd, SAFE, no throw
Batting: RHB Huai-yi Yang 0-0: Called Strike
0-1: Called Strike
0-2: Fielders Choice at 2nd, 1-6 (Groundball, 13S)
Batting: RHB Milos Jaksch 0-0: Ball
1-0: Called Strike
1-1: Foul Ball, location: 2F
1-2: Ground out 5-3 (Groundball, 56S)
Tso-i Wang scores
Huai-yi Yang to second
Batting: RHB Bearooz Yacoobi 0-0: Ball
1-0: Ball
2-0: Fly out, F8 (Flyball, 8LD)
Top of the 1st over - 1 run, 2 hits, 0 errors, 1 left on base; Grim 1 - Yellowknife 0
BOTTOM OF THE 1ST
Yellowknife Dragonblood batting - Pitching for Grim Reapers : RHP Kabeya Kasongo
Pitching: RHP Kabeya Kasongo
Batting: SHB Gerrie Bond 0-0: Ball
1-0: SINGLE (Line Drive, 8RS)
Batting: RHB Cruz Orneleas 0-0: Ball
1-0: Fielders Choice at 2nd, 6-4 (Groundball, 6)
Batting: SHB Bren Spillane 0-0: Ball
1-0: Ball
2-0: Ball
3-0: Called Strike
3-1: Called Strike
3-2: Strikes out looking
Batting: SHB Miklos Elias 0-0: Ball
1-0: Called Strike
1-1: Foul Ball, location: 2F
1-2: Ground out 4-3 (Groundball, 4)
Bottom of the 1st over - 0 runs, 1 hit, 0 errors, 1 left on base; Grim 1 - Yellowknife 0
TOP OF THE 2ND
Grim Reapers batting - Pitching for Yellowknife Dragonblood : RHP Evan Groenevelt
Batting: SHB Rafael González 0-0: Swinging Strike
0-1: Called Strike
0-2: Ball
1-2: Fly out, F7 (Flyball, 7LMF)
Batting: LHB Kei-thing Zhang 0-0: Ball
1-0: Ball
2-0: Swinging Strike
2-1: Swinging Strike
2-2: Strikes out swinging, 2-3 out at first.
Batting: RHB Harlan Thompson 0-0: Ball
1-0: Ball
2-0: Swinging Strike
2-1: Foul Ball, location: 2F
2-2: Ball
3-2: Strikes out swinging
Top of the 2nd over - 0 runs, 0 hits, 0 errors, 0 left on base; Grim 1 - Yellowknife 0
BOTTOM OF THE 2ND
Yellowknife Dragonblood batting - Pitching for Grim Reapers : RHP Kabeya Kasongo
Batting: RHB Víctor Murguia 0-0: SINGLE (Line Drive, 9LS)
Batting: RHB Fernando González 0-0: Foul Ball, location: 2F
0-1: Ball
1-1: Ball
2-1: Swinging Strike
2-2: Grounds into double play, 4-6-3 (Groundball, 34)
Batting: RHB Mitsuhide Bando 0-0: Ball
1-0: SINGLE (Groundball, 56D)
Batting: SHB Jim Dunleavy 0-0: DOUBLE (Line Drive, 7LS)
Mitsuhide Bando to third
Runner from 3rd tries for Home, SAFE, no throw
Batting: SHB Lai-hsiang Loh 0-0: Called Strike
0-1: Foul Ball, location: 2F
0-2: Ground out U3 (Groundball, 3L)
Bottom of the 2nd over - 1 run, 3 hits, 0 errors, 1 left on base; Grim 1 - Yellowknife 1
TOP OF THE 3RD
Grim Reapers batting - Pitching for Yellowknife Dragonblood : RHP Evan Groenevelt
Batting: SHB Tekkan Hayagawa 0-0: Ball
1-0: SINGLE (Line Drive, 89S)
Batting: RHB Tso-i Wang 0-0: Grounds into double play, 5-4-3 (Groundball, 5L)
Batting: RHB Juan Guzmán 0-0: Foul Ball, location: 2F
0-1: Ball
1-1: Foul Ball, location: 2F
1-2: Fly out, F9 (Line Drive, 9D)
Top of the 3rd over - 0 runs, 1 hit, 0 errors, 0 left on base; Grim 1 - Yellowknife 1
BOTTOM OF THE 3RD
Yellowknife Dragonblood batting - Pitching for Grim Reapers : RHP Kabeya Kasongo
Batting: SHB Gerrie Bond 0-0: Ground out 5-3 (Groundball, 56)
Batting: RHB Cruz Orneleas 0-0: Ball
1-0: Ball
2-0: Foul Ball, location: 2F
2-1: Foul Ball, location: 2F
2-2: SINGLE (Line Drive, 89S)
Batting: SHB Bren Spillane 0-0: Ball
1-0: Ball
Cruz Orneleas is caught stealing 2nd base
2-0: Ball
3-0: Called Strike
3-1: Foul Ball, location: 2F
3-2: Foul Ball, location: 2F
3-2: Strikes out looking
Bottom of the 3rd over - 0 runs, 1 hit, 0 errors, 0 left on base; Grim 1 - Yellowknife 1
TOP OF THE 4TH
Grim Reapers batting - Pitching for Yellowknife Dragonblood : RHP Evan Groenevelt
Batting: RHB Huai-yi Yang 0-0: Ball
1-0: Called Strike
1-1: SINGLE (Line Drive, 6MD)
Batting: RHB Milos Jaksch 0-0: Ball
1-0: Called Strike
1-1: Ball
2-1: Ball
3-1: Foul Ball, location: 2F
3-2: Foul Ball, location: 2F
3-2: Grounds into double play, 1-6-3 (Groundball, 13)
Batting: RHB Bearooz Yacoobi 0-0: Called Strike
0-1: Swinging Strike
0-2: Foul Ball, location: 2F
0-2: Strikes out looking
Top of the 4th over - 0 runs, 1 hit, 0 errors, 0 left on base; Grim 1 - Yellowknife 1
BOTTOM OF THE 4TH
Yellowknife Dragonblood batting - Pitching for Grim Reapers : RHP Kabeya Kasongo
Batting: SHB Miklos Elias 0-0: Called Strike
0-1: Called Strike
0-2: Ball
1-2: Ball
2-2: Ground out U3 (Groundball, 3L)
Batting: RHB Víctor Murguia 0-0: Fly out, F8 (Line Drive, 78S)
Batting: RHB Fernando González 0-0: Swinging Strike
0-1: Ball
1-1: SINGLE (Line Drive, 7S)
Batting: RHB Mitsuhide Bando 0-0: Swinging Strike
0-1: Swinging Strike
0-2: Ball
1-2: Strikes out swinging
Bottom of the 4th over - 0 runs, 1 hit, 0 errors, 1 left on base; Grim 1 - Yellowknife 1
TOP OF THE 5TH
Grim Reapers batting - Pitching for Yellowknife Dragonblood : RHP Evan Groenevelt
Batting: SHB Rafael González 0-0: Called Strike
0-1: Called Strike
0-2: Ball
1-2: Fly out, F8 (Line Drive, 8LD)
Batting: LHB Kei-thing Zhang 0-0: Ball
1-0: Ground out 4-3 (Groundball, 34)
Batting: RHB Harlan Thompson 0-0: Swinging Strike
0-1: Called Strike
0-2: Strikes out swinging
Top of the 5th over - 0 runs, 0 hits, 0 errors, 0 left on base; Grim 1 - Yellowknife 1
BOTTOM OF THE 5TH
Yellowknife Dragonblood batting - Pitching for Grim Reapers : RHP Kabeya Kasongo
Batting: SHB Jim Dunleavy 0-0: Swinging Strike
0-1: Called Strike
0-2: Strikes out swinging
Batting: SHB Lai-hsiang Loh 0-0: Swinging Strike
0-1: TRIPLE (Line Drive, 7D)
Batting: SHB Gerrie Bond 0-0: Ball
1-0: Ball
2-0: Fly out, F5 (Popup, 56)
Batting: RHB Cruz Orneleas 0-0: Called Strike
0-1: Foul Ball, location: 2F
0-2: Strikes out swinging
Bottom of the 5th over - 0 runs, 1 hit, 0 errors, 1 left on base; Grim 1 - Yellowknife 1
TOP OF THE 6TH
Grim Reapers batting - Pitching for Yellowknife Dragonblood : RHP Evan Groenevelt
Batting: SHB Tekkan Hayagawa 0-0: Ball
1-0: Ground out U3 (Groundball, 3L)
Batting: RHB Tso-i Wang 0-0: Called Strike
0-1: Foul Ball, location: 2F
0-2: Foul Ball, location: 2F
0-2: Ball
1-2: Foul Ball, location: 2F
1-2: Foul Ball, location: 2F
1-2: Foul Ball, location: 2F
1-2: Strikes out swinging
Batting: RHB Juan Guzmán 0-0: Ball
1-0: Swinging Strike
1-1: Swinging Strike
1-2: Strikes out looking
Top of the 6th over - 0 runs, 0 hits, 0 errors, 0 left on base; Grim 1 - Yellowknife 1
BOTTOM OF THE 6TH
Yellowknife Dragonblood batting - Pitching for Grim Reapers : RHP Kabeya Kasongo
Batting: SHB Bren Spillane 0-0: Swinging Strike
0-1: Called Strike
0-2: Ball
1-2: Strikes out swinging
Batting: SHB Miklos Elias 0-0: Ball
1-0: Ball
2-0: Ball
3-0: Base on Balls
Batting: RHB Víctor Murguia 0-0: Foul Ball, location: 2F
0-1: Ball
1-1: Fly out, F7 (Flyball, 7D)
Batting: RHB Fernando González 0-0: Called Strike
0-1: Called Strike
0-2: Ball
1-2: Foul Ball, location: 2F
1-2: Foul Ball, location: 2F
1-2: Strikes out looking
Bottom of the 6th over - 0 runs, 0 hits, 0 errors, 1 left on base; Grim 1 - Yellowknife 1
TOP OF THE 7TH
Grim Reapers batting - Pitching for Yellowknife Dragonblood : RHP Evan Groenevelt
Batting: RHB Huai-yi Yang 0-0: Called Strike
0-1: Foul Ball, location: 2F
0-2: Ball
1-2: Ball
2-2: Hit by Pitch
Batting: RHB Milos Jaksch 0-0: Ball
1-0: Foul Ball, location: 2F
1-1: SINGLE (Flyball, 8RS)
Huai-yi Yang to second
Batting: RHB Bearooz Yacoobi 0-0: Foul Ball, location: 2F
0-1: Foul Ball, location: 2F
0-2: Foul Ball, location: 2F
0-2: Ball
1-2: Grounds into double play, 1-6-3 (Groundball, 13S)
Huai-yi Yang to third
Batting: SHB Rafael González 0-0: Ball
1-0: Fly out, F9 (Flyball, 89M)
Top of the 7th over - 0 runs, 1 hit, 0 errors, 1 left on base; Grim 1 - Yellowknife 1
BOTTOM OF THE 7TH
Yellowknife Dragonblood batting - Pitching for Grim Reapers : RHP Kabeya Kasongo
Batting: RHB Mitsuhide Bando 0-0: Swinging Strike
0-1: Swinging Strike
0-2: Ball
1-2: SINGLE (Flyball, 7LM)
Batting: SHB Jim Dunleavy 0-0: Ball
1-0: Bunted foul
1-1: Sac Bunt - play at first, batter OUT! U3
Mitsuhide Bando to second
Pitching: RHP António Ríos
Batting: SHB Lai-hsiang Loh 0-0: Fly out, F7 (Flyball, 7LS)
Batting: SHB Gerrie Bond 0-0: Called Strike
0-1: Fly out, F7 (Flyball, 78D)
Bottom of the 7th over - 0 runs, 1 hit, 0 errors, 1 left on base; Grim 1 - Yellowknife 1
TOP OF THE 8TH
Grim Reapers batting - Pitching for Yellowknife Dragonblood : RHP Evan Groenevelt
Batting: LHB Kei-thing Zhang 0-0: Ball
1-0: Ball
2-0: Foul Ball, location: 2F
2-1: Ball
3-1: Foul Ball, location: 2F
3-2: Base on Balls
Batting: RHB Harlan Thompson 0-0: Bunted foul
Balk!
Kei-thing Zhang to second
0-1: Sac Bunt - play at first, batter OUT! 1-4
Kei-thing Zhang to third
Pinch Hitting: RHB Brandon Palmer 0-0: Called Strike
0-1: Foul Ball, location: 2F
0-2: Strikes out swinging
Batting: RHB Tso-i Wang 0-0: Ball
1-0: Foul Ball, location: 2F
1-1: Swinging Strike
1-2: Ball
2-2: Ground out 5-3 (Groundball, 56S)
Top of the 8th over - 0 runs, 0 hits, 0 errors, 1 left on base; Grim 1 - Yellowknife 1
BOTTOM OF THE 8TH
Yellowknife Dragonblood batting - Pitching for Grim Reapers : RHP António Ríos
Now at 2B: Brandon Palmer
Batting: RHB Cruz Orneleas 0-0: Called Strike
0-1: Ball
1-1: Fly out, F4 (Line Drive, 4M)
Batting: SHB Bren Spillane 0-0: Ball
1-0: Ground out 4-3 (Groundball, 4)
Batting: SHB Miklos Elias 0-0: Ball
1-0: Ball
2-0: Foul Ball, location: 2F
2-1: Called Strike
2-2: Fly out, F5 (Popup, 5SF)
Bottom of the 8th over - 0 runs, 0 hits, 0 errors, 0 left on base; Grim 1 - Yellowknife 1
TOP OF THE 9TH
Grim Reapers batting - Pitching for Yellowknife Dragonblood : RHP Evan Groenevelt
Pitching: LHP Fred Proctor
Batting: RHB Juan Guzmán 0-0: Called Strike
0-1: Called Strike
0-2: Hit by Pitch
Batting: RHB Huai-yi Yang 0-0: Foul Ball, location: 2F
0-1: Ball
1-1: SINGLE (Flyball, 9S)
Juan Guzmán to second
Runner from 2nd tries for 3rd, SAFE, no throw
Batting: RHB Milos Jaksch 0-0: Ball
1-0: Called Strike
1-1: Foul Ball, location: 2F
1-2: Foul Ball, location: 2F
1-2: SINGLE (Groundball, 6MD)
Juan Guzmán scores
Huai-yi Yang to second
Runner from 2nd tries for 3rd, SAFE, no throw
Batting: RHB Bearooz Yacoobi 0-0: Foul Ball, location: 2F
0-1: Ball
Passed Ball!
Huai-yi Yang scores
Milos Jaksch to second
1-1: Ball
2-1: Foul Ball, location: 2F
2-2: Strikes out swinging
Batting: SHB Rafael González 0-0: Intentional Walk
Pinch Hitting: SHB Fernando Rincón 0-0: Ball
1-0: Called Strike
1-1: Called Strike
1-2: Grounds into double play, 4-6-3 (Groundball, 4)
Top of the 9th over - 2 runs, 2 hits, 0 errors, 1 left on base; Grim 3 - Yellowknife 1
BOTTOM OF THE 9TH
Yellowknife Dragonblood batting - Pitching for Grim Reapers : RHP António Ríos
Pitching: RHP Chet Gustafson
Now at 1B: Nobuhisa Kuwabara
Batting: RHB Víctor Murguia 0-0: Ball
1-0: Called Strike
1-1: SINGLE (Line Drive, 6D)
Batting: RHB Fernando González 0-0: Called Strike
0-1: Ball
1-1: Fly out, F8 (Flyball, 8RD)
Batting: RHB Mitsuhide Bando 0-0: Foul Ball, location: 2F
0-1: Ball
1-1: Ball
2-1: Swinging Strike
2-2: Strikes out swinging
Batting: SHB Jim Dunleavy 0-0: Ball
1-0: Foul Ball, location: 2F
1-1: Swinging Strike
1-2: Strikes out swinging
Bottom of the 9th over - 0 runs, 1 hit, 0 errors, 1 left on base; Grim 3 - Yellowknife 1
Wednesday, September 19th, 2018 - OOTP Baseball 18.8 Build 76